 Dungeon Crawl Stone Soup version 0.31.0-11-ge490571c62 (webtiles) character file.

Game seed: 3279526523426459687

11 qw the Shooter (level 2, -3/16 HPs)
             Began as a Deep Elf Hunter on Feb 4, 2024.
             Slain by Terence
             ... wielding a +1 short sword of protection
              (4 damage)
             ... on level 2 of the Dungeon.
             The game lasted 00:00:00 (602 turns).

qw the Shooter (Deep Elf Hunter)                     Turns: 602, Time: 00:00:01

Health: -3/16      AC:  6    Str:  8    XL:     2   Next: 17%
Magic:  4/4        EV:  8    Int: 13    God:
Gold:   5          SH:  0    Dex: 18    Spells: 1/1 levels left

rFire   . . .        a - +1 shortbow
rCold   . . .        (shield currently unavailable)
rNeg    . . .        h - +0 scale mail
rPois   .            (no helmet)
rElec   .            (no cloak)
rCorr   .            (no gloves)
SInv    .            (no boots)
Will    .....        (no amulet)
Stlth   +            (no ring)
HPRegen 0.22/turn    (no ring)
MPRegen 0.09/turn

%: no passive effects
@: no status effects
A: no striking features
a: no special abilities


You were on level 2 of the Dungeon.
You visited 1 branch of the dungeon, and saw 2 of its levels.

You collected 5 gold pieces.


   Skills:
 - Level 1.5 Fighting
 + Level 6.0 Ranged Weapons
 - Level 2.4 Dodging
 - Level 1.2 Stealth


You had one spell level left.
You didn't know any spells.
Your spell library was empty.

Inventory:

Hand Weapons
 a - a +1 shortbow (weapon)
Armour
 h - a +0 scale mail (worn)
Potions
 f - a potion of enlightenment {unknown}

Dungeon Overview and Level Annotations

Branches:
Dungeon (2/15)

Altars:

Annotations:
D:2 Terence


Message History

You see here a beast talisman.
You open the door.
Terence the Incautious comes into view.
He is wielding a +1 short sword of protection.
Terence shouts!
You hear a shout!
There is an open door here.
You shoot an arrow.
The arrow hits Terence but does no damage.
You shoot an arrow. The arrow hits Terence.
Terence is lightly wounded.
You shoot an arrow.
The arrow hits Terence but does no damage.
Terence is lightly wounded.
You shoot an arrow. The arrow hits Terence.
Terence is moderately wounded.
A goblin comes into view. It is wielding a +0 dagger.
Terence hits you with a +1 short sword of protection.
You shoot an arrow. The goblin shouts!
The arrow hits Terence but does no damage.
Terence is moderately wounded.
Terence barely misses you.
Terence hits you with a +1 short sword of protection.
You shoot an arrow. The arrow hits Terence.
Terence is heavily wounded.
Terence hits you with a +1 short sword of protection.
You shoot an arrow. The arrow hits Terence.
Terence is heavily wounded.
Terence hits you with a +1 short sword of protection.
Terence barely misses you.
You shoot an arrow. The arrow closely misses Terence.
The arrow barely misses the goblin.
Terence hits you but does no damage.
You shoot an arrow. The arrow closely misses Terence.
Terence hits you with a +1 short sword of protection.
The goblin unwields a +0 dagger.
The goblin wields a +0 sling.
The goblin shoots a sling bullet.
The sling bullet hits you but does no damage.
Terence hits you with a +1 short sword of protection.
You die...
Terence says, "Time to find some more victims."

#.# #####+#
#|# .......
#.# .......
#.# .......
#.# .......
#.# .......
#.#
.....g@##.#
.......@..#
.......####
.......
.......
.......
.......
.......
#######


You could see Terence and a goblin.

Vanquished Creatures
  2 goblins (D:1)
  A hobgoblin (D:1)
  2 kobolds (D:1)
  2 ball pythons (D:1)
  2 bats (D:1)
  A rat (D:1)
10 creatures vanquished.

Notes
Turn   | Place    | Note
-------+----------+-------------------------------------------
     0 | D:1      | qw the Deep Elf Hunter began the quest for the Orb.
     0 | D:1      | Reached XP level 1. HP: 12/12 MP: 3/3
     0 | D:1      | 0 ||| qw: Version: 0.3-a-160-g6735b56
     0 | D:1      | 0 ||| qw: Game counter: 4735
     0 | D:1      | 0 ||| qw: Melee chars always use a shield: true
     0 | D:1      | 0 ||| qw: God list: Okawaru
     0 | D:1      | 0 ||| qw: Allow faded altars: false
     0 | D:1      | 0 ||| qw: Do Orc after clearing Dungeon:15 true
     0 | D:1      | 0 ||| qw: Do second Lair branch before Depths: true
     0 | D:1      | 0 ||| qw: Lair rune preference: random
     0 | D:1      | 0 ||| qw: Goals: Normal
     0 | D:1      | 0 ||| PLANNING D:1-11
   290 | D:1      | Reached XP level 2. HP: 16/16 MP: 4/4
   358 | D:1      | Reached skill level 6 in Ranged Weapons
   508 | D:1      | 508 ||| UPGRADING to +0 scale mail.
   518 | D:1      | 518 ||| DROPPING +0 leather armour.
   519 | D:1      | 519 ||| READING scroll labelled SOWAIPN GOKI.
   519 | D:1      | 519 ||| ENCHANTING +0 shortbow.
   520 | D:1      | 520 ||| READING scroll labelled KAOTOV MOEVEA.
   521 | D:1      | 521 ||| READING scroll labelled BOINUL WEDEI.
   522 | D:1      | 522 ||| DROPPING scroll of butterflies.
   593 | D:2      | Noticed Terence
   600 | D:2      | HP: 2/16 [Terence/+1 short sword of protection (3)]
   602 | D:2      | Slain by Terence

Levels and vault maps discovered:
D:1:      dpeg_arrival_simpleton_b, layout_basic
D:2:      layout_basic, hellmonk_ecumenical_altar_leap_of_faith,
          minmay_misc_feat_diagonals, uniq_terence

Skill      XL: |  1  2 |
---------------+-------+-----
Ranged Weapons | 6 |  6.0
Fighting       | |  1.5
Dodging        | |  2.4
Stealth        | |  1.2

Action                     || total
---------------------------++-------
   Fire: Shortbow          ||    22
    Use: Scroll            ||     3
 Armour: Scale mail        ||     8
  Dodge: Dodged            ||     2

Table legend:
 A = Non-vault XP
 B = Vault XP
 C = Vault XP percentage of total XP
 D = Non-vault monster count
 E = Vault monster count
 F = Vault count percentage of total count
                 A         B        C        D         E       F
            +---------+---------+-------+---------+---------+-------
      Total |      17 |       0 |   0.0 |      10 |       0 |   0.0
            +---------+---------+-------+---------+---------+-------
        D:1 |      17 |       0 |   0.0 |      10 |       0 |   0.0
            +---------+---------+-------+---------+---------+-------
